Unix NetHack Version 3.7.0-97 Work-in-progress - last build Feb 8 2024 15:05:57 (6d6cdf8371b60126770a3d7b88910941cb14a054,branch:master). Game began 2024-02-18 10:54:40, ended 2024-02-18 16:14:44. playerb, lawful female dwarven Valkyrie --------------------------------- --------- ####|....G.....a..f...G.............-## ----- |........#######|.----....-----.-----|-..-----..| # ....| |......<| #|.|..|---.|...-.|..|..|..| |..| #)## # |...| |.......| #|.|..|..|.|._.|.-..|..|..| |..|############....| |........#######|.--||..|.|...|.--------.| |..|######## ---.- --------- #|....|..|.|...|....|.//|.---+-...# ### # ######..{..-|--.----|....-.//|........|# # # # #|..........-..|-%-.-----..-----.| ### ## ### #.....-|--..|..|..|........-.!%|.| # # # #|.-|-|..|.----|..|--|-....| !|.| #### ---.- # ##|.|..|..|.|.*+|--|...|---.-----.| ##....| -----------#### ###|.|..|---.-.*?|..|(((| |.......| ###|...| |.........+# # #|.|..|....|.+!|.*|(((| +.......| #.>..| |.........|## ## |.----....-----+---------.....{.| ----- |..........# |...............................| ----------- --------------------------------- Playerb the Fighter St:14 Dx:15 Co:19 In:7 Wi:9 Ch:9 Lawful S:7717 Dlvl:6 $:761 HP:0(92) Pw:10(10) AC:0 Xp:8/1634 T:7736 Hungry Burdened Latest messages: You are beginning to feel hungry. Pick an object. You hear some noises. The large cat bites the gnome. The gnome is killed! The priest of Odin intones: "Pilgrim, you enter a sacred place!" You have a forbidding feeling... Pick an object. Pick an object. You hit the gray ooze. You hit the gray ooze. You hit the gray ooze. You hit the gray ooze. You hit the gray ooze. You hit the gray ooze. You hit the gray ooze. You kill the gray ooze! The soldier ant bites! The soldier ant misses! The soldier ant just misses! The soldier ant stings! The soldier ant bites! The soldier ant misses! The gnomish wizard casts a spell! The gnomish wizard looks better. The soldier ant bites! The soldier ant misses! You hit the soldier ant. The soldier ant bites! The soldier ant stings! The soldier ant bites! The soldier ant misses! You miss the soldier ant. The soldier ant bites! The soldier ant stings! The soldier ant misses! The soldier ant misses! You miss the soldier ant. The soldier ant bites! The soldier ant stings! The soldier ant bites! The soldier ant misses! The soldier ant misses! The soldier ant stings! You hit the soldier ant. The soldier ant bites! The soldier ant stings! You die... Do you want your possessions identified? [ynq] (y) q Inventory: Coins $ - 761 gold pieces Amulets y - an uncursed amulet of ESP Weapons E - 6 +4 darts c - 3 blessed +1 daggers b - a corroded +0 dagger (weapon in right hand) H - 3 rusty +0 daggers r - a +1 orcish dagger Y - 5 +0 orcish daggers (at the ready) Armor k - an uncursed +3 orcish helm (being worn) u - an uncursed +0 pair of jumping boots (being worn) v - an uncursed +0 oilskin cloak (being worn) z - an uncursed +0 leather jacket P - an uncursed +0 scale mail (being worn) Comestibles q - an uncursed carrot I - an uncursed clove of garlic D - 5 uncursed food rations j - an uncursed lembas wafer T - an uncursed pear K - a cursed sprig of wolfsbane g - 2 uncursed tripe rations Scrolls A - an uncursed scroll of charging L - 2 cursed scrolls of confuse monster M - a cursed scroll of create monster n - 2 uncursed scrolls of earth W - an uncursed scroll of enchant weapon N - an uncursed scroll of food detection F - a blessed scroll of identify B - an uncursed scroll of identify Q - an uncursed scroll of light x - an uncursed scroll of stinking cloud a - an uncursed scroll of teleportation Potions R - a cursed potion of extra healing V - a cursed potion of gain ability Z - an uncursed potion of gain energy o - an uncursed potion of healing U - a cursed potion of sickness X - a cursed potion of speed Rings t - an uncursed ring of fire resistance named !c (on left hand) p - an uncursed ring of invisibility (on right hand) C - an uncursed ring of invisibility O - an uncursed ring of sustain ability named !c i - an uncursed ring of teleport control e - a cursed ring of teleportation Wands J - a wand of cancellation (0:6) G - a wand of death (0:4) m - a wand of secret door detection (0:11) Tools d - an uncursed blindfold l - a cursed magic lamp w - an uncursed magic whistle h - an uncursed skeleton key f - an uncursed tin whistle Gems/Stones S - an uncursed worthless piece of violet glass Playerb the Valkyrie's attributes: Background: You were a Fighter, a level 8 dwarven Valkyrie. You were lawful, on a mission for Tyr who was opposed by Odin (neutral) and Loki (chaotic). You were right-handed. You were in the Gnomish Mines, on level 6. You entered the dungeon 7736 turns ago. You had 1634 experience points, 926 more were needed to attain level 9. Your score was 7717 before end-of-game adjustments. Basics: You had 0 out of 92 hit points. You had all 10 energy points (spell power). Your armor class was 0. Your wallet contained 761 zorkmids. Autopickup was off. Final Characteristics: Your strength was 14 (peak:18, limit:18/100). Your dexterity was 15 (limit:20). Your constitution was 19 (limit:20). Your intelligence was 7 (limit:16). Your wisdom was 9 (limit:16). Your charisma was 9 (limit:16). Final Status: You were hungry. You were burdened; movement was slightly slowed. You were wielding a dagger. You were skilled in dagger and could have enhanced that. Final Attributes: You were piously aligned. You were fire resistant. Your items were protected from fire. You were cold resistant. You were shock resistant. You were telepathic. You had infravision. You were invisible. You were stealthy. You could jump. You were guarded. You were fast. You are dead. Miscellaneous: You encountered 1 bones level. Total elapsed playing time was 1 hour, 49 minutes and 22 seconds. Major events: Turn 1: playerb the lawful dwarven Valkyrie entered the dungeon 573: entered the Gnomish Mines 603: attained the rank of Skirmisher (level 3) 3276: attained the rank of Fighter (level 6) 3538: entered Sokoban 4012: completed 1st Sokoban level 4921: completed 2nd Sokoban level 5518: completed 3rd Sokoban level 6969: reached Mine Town 7736: killed by a soldier ant Vanquished creatures: a small mimic a gelatinous cube a tiger an ochre jelly an energy vortex a watchman a chameleon a crocodile 4 winter wolf cubs 2 leprechauns a scorpion an ice vortex a brown pudding a yeti a werewolf a dog a jaguar a raven 2 gnome mummies a snake a Woodland-elf 4 soldier ants 9 Uruk-hai an orc shaman 4 rock moles a yellow light 3 shriekers 2 gnome leaders a gnomish wizard 2 kobold mummies a gray ooze an elf zombie a straw golem a paper golem 4 giant ants 2 floating eyes 3 kittens 2 dwarves 3 homunculi 2 kobold leaders 4 hill orcs 7 rothes an orc zombie a dwarf zombie 3 wererats 5 iguanas an acid blob 2 coyotes a hobbit 2 hobgoblins 2 giant rats 3 yellow molds a green mold 13 gnomes 3 garter snakes 8 geckos 10 jackals 2 foxes 2 kobolds 4 goblins 3 sewer rats 7 grid bugs 3 lichens a kobold zombie 7 newts 169 creatures vanquished. No species were genocided or became extinct. Voluntary challenges: You read items or engraved 8 times. You engraved Elbereth 2 times. You never genocided any monsters. You never polymorphed an object. You never changed form. You used no wishes. You did not violate any of the special Sokoban rules. Achievements: You entered the Gnomish Mines. You attained the rank of Skirmisher. You entered a shop. You attained the rank of Fighter. You entered Sokoban. You entered Minetown. You entered a temple. The Dungeons of Doom: levels 1 to 9 Level 1: A fountain. Level 2: Stairs down to The Gnomish Mines. Level 3: "stash" An altar. Level 4: "my shield" A fountain. Final resting place for stubblyhead-Pri-Hum-Mal-Neu, killed by a jackal, while frozen by a floating eye's gaze. Level 5: Some fountains. Level 6: A fountain. Level 7: Many fountains. Oracle of Delphi. Level 8: A fountain. Stairs up to Sokoban, level 7. Level 9: The Gnomish Mines: levels 3 to 7 Level 3: Level 4: Level 5: Level 6: <- You were here. A temple and an altar, some fountains. Final resting place for you, killed by a soldier ant. Level 7: Sokoban: levels 7 up to 4 Level 4: "two mimics, one straight from enterence" Unsolved. Level 5: Solved. Level 6: Solved. Level 7: Solved. Game over: ---------- / \ / REST \ / IN \ / PEACE \ / \ | playerb | | 761 Au | | killed by a | | soldier ant | | | | | | 2024 | *| * * * | * _________)/\\_//(\/(/\)/\//\/|_)_______ Farvel playerb the Valkyrie... You died in The Gnomish Mines on dungeon level 6 with 7641 points, and 761 pieces of gold, after 7736 moves. You were level 8 with a maximum of 92 hit points when you died.